Map: Ночной пейзаж РВ

Players

Zilord - Winner!

  • Race: Protoss Protoss
  • League: Diamond
  • Spawn Location: 1:00

Kantara - Winner!

  • Race: Zerg Zerg
  • League: Master
  • Spawn Location: 1:00

TeamAlex

  • Race: Zerg Zerg
  • Spawn Location: 7:00

Pegasus

  • Race: Terran Terran
  • Spawn Location: 7:00

VOD

Have the link to the VOD?

Description

Time

  • Played on: Jan. 9, 2021, 9:41 p.m.
  • Length: 12:40
Show
View Real Time Build Order
Export as new Build Order

Zilord Protoss - Winner!

Build Orders: Oracle Opening 

Get SALT Encoding   

  12  0:02  Probe  
  13  0:14  Probe  
  13  0:18  Pylon  
  14  0:26  Probe  
  15  0:38  Probe  
  15  0:42  Gateway  
  16  0:48  Assimilator  
  16  0:51  Probe (Chrono Boost)  
  17  1:01  Probe (Chrono Boost)  
  18  1:06  Probe (Chrono Boost)  
  19  1:17  Probe  
  20  1:29  Probe  
  21  1:41  Cybernetics Core, Probe  
  21  1:45  Pylon  
  22  1:51  Assimilator  
  22  1:53  Probe  
  23  2:05  Probe  
  24  2:13  Nexus  
  24  2:25  Stargate  
  24  2:27  Warp Gate (Chrono Boost)  
  24  2:33  Gateway  
  24  2:45  Probe (Chrono Boost)  
  24  2:50  Pylon  
  25  2:57  Probe (Chrono Boost)  
  27  3:05  Probe (Chrono Boost)  
  27  3:12  Oracle, Probe (Chrono Boost)  
  31  3:23  Probe (Chrono Boost)  
  32  3:27  Probe (Chrono Boost)  
  32  3:28  Assimilator  
  32  3:33  Assimilator  
  34  3:38  Probe (Chrono Boost)  
  34  3:39  Shield Battery, Probe (Chrono Boost)  
  35  3:43  Void Ray  
  35  3:47  Probe (Chrono Boost)  
  40  3:58  Probe x2  
  42  4:10  Probe x2  
  44  4:18  Protoss Air Weapons Level 1  
  44  4:20  Void Ray  
  44  4:22  Probe x2  
  50  4:34  Probe x2  
  52  4:38  Gateway x2  
  52  4:41  Gateway  
  52  4:44  Gateway  
  52  4:49  Twilight Council  
  52  4:53  Probe x2  
  54  5:03  Pylon  
  54  5:04  Pylon  
  54  5:15  Void Ray  
  54  5:21  Probe x2  
  54  5:22  Shield Battery  
  54  5:23  Stalker  
  54  5:25  Pylon  
  55  5:47  Stalker x4  
  55  5:56  Stalker x2  
  55  6:13  Stalker x2  
  55  6:14  Stalker x2  
  63  6:49  Nexus  
  63  6:50  Void Ray  
  63  6:53  Assimilator  
  63  6:57  Assimilator  
  63  6:58  Charge  
  63  7:00  Pylon  
  67  7:02  Pylon  
  67  7:05  Pylon  
  67  7:08  Pylon  
  67  7:13  Templar Archives, Pylon  
  67  7:22  Forge  
  67  7:26  Forge  
  67  7:27  Void Ray  
  67  7:30  Zealot x2  
  67  7:31  Zealot  
  77  7:41  Robotics Facility  
  77  7:42  Robotics Facility  
  77  7:46  Probe (Chrono Boost)  
  77  7:47  Probe (Chrono Boost)  
  77  7:48  Psionic Storm  
  79  7:54  High Templar x2  
  79  7:56  Probe x2 (Chrono Boost)  
  85  8:01  Probe (Chrono Boost)  
  85  8:02  Probe x2 (Chrono Boost)  
  88  8:10  Protoss Ground Weapons Level 1  
  91  8:13  Protoss Shields Level 1, Probe x3 (Chrono Boost)  
  91  8:20  Archon  
  91  8:22  High Templar x2  
  91  8:26  Void Ray (Chrono Boost)  
  95  8:40  Stalker  
  101  8:43  Probe x3  
  104  8:54  Stalker x3  
  104  8:55  Stalker, Probe x3  
  101  9:17  Stalker x5  
  79  9:18  Stalker  
  61  9:42  High Templar x2  
  63  9:46  Zealot x4  
  62  10:09  Zealot x4  
  70  10:18  High Templar x2  
  74  10:26  Gateway  
  74  10:27  Gateway  
  74  10:31  Gateway  
  74  10:34  Gateway  
  72  10:43  Stalker x4  
  78  10:59  Zealot x2  
  76  11:19  Stalker x4  
  76  11:20  Stalker x2  
  86  11:32  Probe x2 (Chrono Boost)  
  89  11:38  Probe (Chrono Boost)  
  89  11:42  Probe x2 (Chrono Boost)  
  89  11:46  Probe (Chrono Boost)  
  89  11:47  Probe x2 (Chrono Boost)  
  94  11:56  Probe  
  94  11:58  Pylon, Probe x2  
  97  12:03  Robotics Bay  
  97  12:04  Nexus  
  97  12:07  Assimilator  
  97  12:08  Probe  
  97  12:10  Probe  
  97  12:11  Assimilator  
  97  12:15  Pylon  
  99  12:16  Pylon  
  99  12:22  Stalker x6  
  108  12:23  Stalker  
Show
View Real Time Build Order
Export as new Build Order

Kantara Zerg - Winner!

Build Orders: Hatch First 

Get SALT Encoding   

  12  0:00  Drone  
  13  0:13  Overlord  
  13  0:17  Drone  
  14  0:31  Drone  
  14  0:34  Drone  
  16  0:55  Drone  
  16  0:56  Hatchery, Drone  
  17  1:06  Drone  
  17  1:10  Extractor  
  17  1:21  Spawning Pool  
  17  1:22  Drone  
  17  1:27  Drone  
  18  1:39  Drone  
  19  1:53  Drone  
  20  2:09  Queen  
  20  2:10  Queen  
  20  2:12  Zergling x4, Overlord  
  26  2:19  Metabolic Boost  
  26  2:38  Hatchery  
  26  2:43  Drone x5  
  30  3:07  Drone  
  30  3:08  Drone x4  
  30  3:11  Lair  
  35  3:16  Queen  
  35  3:17  Extractor  
  36  3:20  Overlord  
  36  3:29  Drone, Extractor  
  36  3:46  Roach Warren  
  35  4:03  Zergling x2  
  35  4:04  Zergling x20  
  46  4:10  Drone  
  46  4:11  Drone x3  
  50  4:22  Overlord x3  
  50  4:32  Overlord x3  
  50  4:43  Glial Reconstitution, Evolution Chamber x2  
  48  5:00  Roach  
  48  5:01  Roach x5  
  48  5:02  Roach  
  60  5:17  Roach x4  
  65  5:32  Roach  
  60  5:43  Roach  
  60  5:44  Roach  
  56  5:55  Roach  
  56  5:56  Zergling x6  
  56  5:57  Zergling x10  
  51  6:04  Roach  
  49  6:18  Zergling x8  
  49  6:36  Drone  
  49  6:37  Drone x4  
  54  6:49  Drone  
  54  6:50  Drone x3  
  54  6:51  Zerg Missile Weapons Level 1  
  58  6:54  Hatchery  
  58  7:00  Queen  
  59  7:03  Tunneling Claws  
  59  7:11  Infestation Pit  
  59  7:12  Drone x3  
  59  7:13  Drone x7  
  68  7:19  Zergling x2  
  69  7:33  Drone  
  69  7:34  Drone x8  
  69  7:35  Queen  
  69  7:36  Overlord  
  80  7:43  Zerg Ground Armor Level 1  
  80  8:04  Overlord x5  
  80  8:06  Drone x4  
  80  8:07  Drone  
  83  8:32  Hydralisk Den  
  83  8:33  Hive  
  82  8:37  Extractor  
  82  8:38  Extractor  
  82  8:39  Drone  
  82  8:40  Overlord x3, Drone x5  
  86  8:42  Infestor x2  
  86  8:46  Extractor  
  87  9:12  Roach  
  87  9:13  Roach x10  
  96  9:19  Zergling x2  
  96  9:20  Zergling x4, Roach  
  96  9:21  Roach x2  
  103  9:37  Roach x10  
  103  9:38  Roach  
  104  9:52  Roach  
  102  9:53  Roach x6  
  108  10:07  Roach x2  
  108  10:08  Roach x3  
  81  10:29  Roach  
  81  10:30  Roach x11  
  81  10:50  Roach  
  81  10:51  Roach x5  
  81  11:05  Roach x7  
  91  11:13  Zergling x2  
  92  11:24  Roach  
  92  11:25  Roach x5  
  98  11:33  Overseer x3  
  98  11:42  Extractor  
  98  11:44  Extractor  
  96  11:51  Ravager x3  
  96  11:52  Zergling x2  
  96  11:53  Zergling x18  
  109  12:01  Drone x5  
  110  12:07  Zergling x2  
  110  12:08  Zergling x4  
  117  12:10  Hatchery  
  117  12:15  Drone  
  117  12:16  Drone  
Show
View Real Time Build Order
Export as new Build Order

TeamAlex Zerg 

Build Orders: Hatch First 

Get SALT Encoding   

  12  0:01  Drone  
  13  0:08  Drone  
  14  0:17  Extractor  
  14  0:20  Drone  
  14  0:24  Overlord  
  15  0:44  Drone x2  
  17  1:04  Drone  
  17  1:06  Hatchery  
  17  1:11  Spawning Pool  
  17  1:16  Drone  
  17  1:22  Extractor  
  16  1:31  Drone  
  16  1:32  Drone x2  
  19  1:49  Overlord  
  19  1:59  Queen  
  21  2:04  Drone  
  22  2:13  Overlord  
  22  2:22  Roach Warren  
  21  2:27  Extractor  
  20  2:34  Queen, Drone x4  
  26  2:39  Queen  
  28  2:50  Drone x3  
  31  3:09  Roach x3  
  37  3:30  Roach x3  
  37  3:32  Overlord x2  
  43  4:04  Roach x5  
  43  4:05  Roach x3  
  43  4:08  Overlord x2  
  59  4:16  Lair  
  59  4:45  Spore Crawler  
  58  4:48  Spore Crawler  
  58  4:52  Drone x4  
  61  4:58  Spore Crawler  
  60  5:01  Drone  
  60  5:02  Spore Crawler, Drone x2  
  60  5:17  Roach x4  
  60  5:18  Roach  
  58  5:44  Drone x5  
  58  5:45  Drone x2  
  57  6:23  Roach x3  
  57  6:24  Roach x3  
  51  6:26  Queen  
  53  6:35  Spire  
  52  6:50  Drone, Extractor  
  52  6:51  Drone x3  
  55  7:10  Drone x2  
  55  7:11  Drone  
  55  7:12  Drone x3  
  61  7:24  Spore Crawler  
  60  7:34  Overlord x2  
  60  7:35  Overlord x2  
  60  7:50  Corruptor  
  60  7:51  Corruptor x3  
  62  7:54  Corruptor  
  62  7:57  Corruptor  
  54  8:46  Drone  
  54  8:47  Drone x2  
  57  8:58  Roach x10  
  67  9:29  Roach  
  67  9:30  Roach x4  
  61  10:15  Roach  
  61  10:16  Roach x7  
  71  11:07  Roach  
  71  11:08  Roach x5  
  49  11:27  Queen  
  41  11:55  Roach  
  41  11:56  Roach x7  
  57  12:24  Drone x5  
Show
View Real Time Build Order
Export as new Build Order

Pegasus Terran 

Build Orders:  

Get SALT Encoding   

  12  0:00  SCV  
  13  0:12  SCV  
  14  0:18  Supply Depot  
  14  0:24  SCV  
  15  0:40  SCV  
  15  0:42  Barracks  
  16  0:49  Refinery  
  16  0:52  SCV  
  17  1:04  Barracks, SCV  
  18  1:16  SCV  
  19  1:28  SCV  
  19  1:29  Barracks Tech Lab  
  20  1:34  Barracks  
  20  1:42  Orbital Command  
  20  1:51  Marine  
  20  1:52  Marine  
  22  2:01  Supply Depot  
  22  2:09  SCV  
  22  2:13  Stimpack  
  23  2:22  Marine x3  
  23  2:25  Supply Depot  
  25  2:37  Barracks  
  25  2:40  Marine x3  
  28  2:49  Supply Depot  
  28  2:58  Marine x3  
  31  3:09  Barracks  
  31  3:16  Marine x3  
  34  3:26  Marine  
  34  3:27  Supply Depot  
  35  3:33  Marine x2  
  37  3:34  Marine  
  38  3:44  Marine  
  39  3:51  Marine x2  
  39  3:52  Marine, Combat Shield  
  42  3:57  Marine  
  42  3:58  Supply Depot  
  42  4:02  Marine  
  44  4:09  Marine x2  
  46  4:10  Marine  
  46  4:15  Marine  
  48  4:20  Marine  
  49  4:27  Marine x3  
  52  4:33  Marine  
  52  4:37  Marine  
  54  4:45  Marine x2  
  56  4:57  Marine  
  56  4:58  Marine x2  
  50  5:14  Marine  
  50  5:15  Marine x2  
  50  5:16  Marine x2  
  54  5:32  Marine  
  54  5:33  Marine x2  
  54  5:34  Marine  
  54  5:48  Marine  
  54  5:50  Marine  
  54  5:51  Marine x3  
  44  6:06  Marine  
  44  6:08  Marine x2  
  44  6:09  Marine x2  
  38  6:24  Marine  
  38  6:26  Marine x3  
  38  6:27  Marine  
  42  6:42  Marine  
  42  6:44  Marine  
  44  6:48  Command Center  
  44  6:55  Marine  
  44  6:56  Marine x2  
  44  6:59  Marine  
  48  7:01  Marine  
  49  7:13  Marine x3  
  49  7:14  Engineering Bay  
  52  7:20  Engineering Bay  
  52  7:22  Marine x2  
  54  7:31  Marine x3  
  57  7:40  Marine x2  
  59  7:47  Terran Infantry Weapons Level 1  
  59  7:48  Marine, Terran Infantry Armor Level 1  
  60  7:57  Marine x3  
  63  7:59  Marine  
  64  8:06  Marine  
  64  8:08  Supply Depot  
  65  8:15  Marine x3  
  68  8:31  Marine x2  
  68  8:33  Marine x3  
  73  8:37  Supply Depot  
  73  8:48  Marine  
  73  8:49  Marine  
  73  8:50  Marine  
  73  8:51  Marine x2  
  78  9:06  Marine  
  78  9:07  Marine  
  78  9:08  Marine  
  78  9:09  Marine  
  77  9:16  Marine  
  73  9:24  Marine  
  73  9:25  Marine  
  73  9:26  Marine x2  
  74  9:33  Marine  
  74  9:42  Marine x2  
  74  9:44  Marine x2  
  72  9:51  Marine  
  70  10:00  Marine x2  
  70  10:02  Marine x2  
  62  10:09  Marine  
  56  10:18  Marine x2  
  56  10:19  Marine  
  56  10:20  Marine  
  57  10:26  Barracks  
  57  10:27  Marine  
  58  10:29  Barracks  
  53  10:35  Marine  
  53  10:36  Marine  
  53  10:37  Marine  
  53  10:38  Marine  
  49  10:45  Marine  
  50  10:53  Marine  
  50  10:54  Marine  
  50  10:55  Marine  
  48  10:57  Marine  
  48  11:02  Marine  
  36  11:11  Marine x2  
  36  11:13  Marine  
  36  11:15  Marine  
  40  11:20  Marine  
  40  11:21  Marine x2  
  43  11:29  Marine x2  
  43  11:31  Marine  
  44  11:33  Marine  
  44  11:38  Marine x2  
  44  11:39  Marine  
  46  11:47  Marine x2  
  45  11:48  Marine  
  45  11:51  Marine  
  49  11:56  Marine x2  
  51  12:06  Marine x4  
  55  12:09  Marine  
  55  12:14  Marine x2  
Tags
 
Add a new tag
Caveats
  • Supply blocks, unpowered buildings, or Contaminate may cause inaccurate times.
  • Supply counts are checked every 10 seconds.